 Dungeon Crawl Stone Soup version 0.28-a0-1594-ga885d4b3d6 (webtiles) character file.

Game seed: 13501180638110264306

105 glarfugus the Chopper (level 4, 0/61 HPs)
             Began as a Hill Orc Abyssal Knight on Jan 20, 2022.
             Was an Initiate of the Shining One.
             Slain by a gnoll shaman (3 damage)
             ... on level 4 of the Dungeon.
             The game lasted 00:15:45 (1421 turns).

glarfugus the Chopper (Hill Orc Abyssal Knight)     Turns: 1421, Time: 00:15:45

Health: 0/61       AC:  9    Str: 17    XL:     4   Next: 83%
Magic:  6/6        EV:  7    Int: 10    God:    the Shining One [......]
Gold:   122        SH:  0    Dex: 11    Spells: 3/3 levels left

rFire   . . .      SeeInvis .   a - +1 hand axe
rCold   . . .      Faith    .   (no shield)
rNeg    . . .      Spirit   .   h - +0 chain mail
rPois   .          Reflect  .   (no helmet)
rElec   .          Harm     .   (no cloak)
rCorr   .          Rampage  .   (no gloves)
Will    .....                   (no boots)
Stlth   ..........              (no amulet)
HPRegen 0.20/turn               (no ring)
MPRegen 0.10/turn               (no ring)

@: berserking, glowing, very quick
A: no striking features
a: Renounce Religion


You were on level 4 of the Dungeon.
You worshipped the Shining One.
The Shining One was noncommittal.
You visited 1 branch of the dungeon, and saw 4 of its levels.
You visited the Abyss 1 time.

You collected 122 gold pieces.

Inventory:

Hand Weapons
 a - a +1 hand axe (weapon)
 d - a +0 club
 e - a +0 short sword
 q - the +3 hunting sling "Feemi" {freeze, rPois rCorr Dex+7}
   (You took it off a goblin on level 3 of the Dungeon)

   Any ammunition fired from it freezes those it strikes, dealing additional
   cold damage.
   It can also slow down cold-blooded creatures.
   Dex:       It affects your dexterity (+7).
   rPois:     It protects you from poison.
   rCorr:     It protects you from acid and corrosion.
Missiles
 r - 42 stones
Armour
 b - a +0 leather armour
 h - a +0 chain mail (worn)
 i - a +0 robe
 j - a +0 scale mail
Jewellery
 g - a +6 ring of dexterity
Wands
 l - a wand of iceblast (7)
Scrolls
 c - 4 scrolls of identify {unknown}
 f - a scroll of acquirement {unknown}
 k - a scroll of noise {unknown}
 n - a scroll of teleportation {unknown}
 p - a scroll of enchant weapon {unknown}
Potions
 o - a potion of haste {unknown}


   Skills:
 + Level 4.6 Fighting
 + Level 4.7 Axes
 + Level 3.0 Armour
 + Level 0.8 Dodging
 + Level 2.7 Invocations


You had 3 spell levels left.
You didn't know any spells.
Your spell library was empty.

Dungeon Overview and Level Annotations

Branches:
Dungeon (4/15)
 Temple: D:4-7

Altars:
The Shining One


Message History

The gnoll shaman is healed somewhat.
You hit the gnoll shaman.
The gnoll shaman is heavily wounded.
The gnoll barely misses you. The gnoll hits you but does no damage.
The gnoll shaman hits you with a +0 club.
* * * LOW HITPOINT WARNING * * *
You barely miss the gnoll shaman.
The gnoll shaman is heavily wounded.
The gnoll closely misses you.
The gnoll shaman hits you with a +0 club.
* * * LOW HITPOINT WARNING * * *
Okay, then.
You hit the gnoll shaman.
The gnoll shaman is heavily wounded.
The gnoll barely misses you.
The gnoll shaman hits you with a +0 club.
* * * LOW HITPOINT WARNING * * *
The gnoll hits you from afar with a +0 spear.
* * * LOW HITPOINT WARNING * * *
It was a potion of berserk rage.
A red film seems to cover your vision as you go berserk!
You feel yourself moving faster!
You feel mighty!
The gnoll hits you from afar with a +0 spear.
* * * LOW HITPOINT WARNING * * *
The gnoll shaman hits you with a +0 club.
* * * LOW HITPOINT WARNING * * *
You are too berserk!
You are too berserk!
You are too berserk!
You barely miss the gnoll shaman.
The gnoll shaman is heavily wounded.
The gnoll hits you but does no damage. The gnoll shaman closely misses you.
You completely miss the gnoll shaman.
The gnoll shaman is heavily wounded.
The gnoll barely misses you.
You closely miss the gnoll shaman.
The gnoll shaman is heavily wounded.
The gnoll is no longer moving quickly.
The gnoll barely misses you.
The gnoll shaman hits you with a +0 club.
You die...

≈≈.§≈§.§≈≈.§≈#
≈.≈§≈§§.≈≈≈.§≈
.≈≈§.....≈≈≈.§
⌠≈⌠..._...⌠≈⌠.
.§≈§§....≈§§.§
≈.§≈≈...§≈≈§§≈###
≈≈.≈§§.≈≈≈.≈§##.#
#§≈.≈≈.≈≈§§§##g######
##≈≈.≈.≈.§§##Bog@...#
.##≈≈...≈≈##.gh######
####≈≈.≈≈##g####
##≈†≈##..# ###'###o.#
##...# #..# #..###
##g## ##..# #g.#
#..## #..#


You could see a gnoll shaman, 3 gnolls, an orc, a jackal and a giant cockroach.

Vanquished Creatures
  A bullfrog skeleton (D:4)
  An adder (D:4)
  2 gnolls (D:4)
  2 dart slugs
  An orc (D:4)
  4 endoplasms
  4 hobgoblins
  4 jackals (D:2)
  A quokka (D:3)
  4 ball pythons
  3 bats
  A frilled lizard (D:1)
  7 goblins
  A kobold (D:1)
  7 rats
43 creatures vanquished.

Vanquished Creatures (others)
  8 plants (D:3)
8 creatures vanquished.

Grand Total: 51 creatures vanquished

Notes
Turn   | Place    | Note
-------+----------+-------------------------------------------
     0 | Abyss:1  | glarfugus the Hill Orc Abyssal Knight began the quest for
                  | the Orb.
     0 | Abyss:1  | Reached XP level 1. HP: 19/19 MP: 2/2
    18 | Abyss:2  | Noticed a kraken
    22 | D:1      | Escaped the Abyss
   160 | D:1      | Reached XP level 2. HP: 25/27 MP: 3/3
   301 | D:1      | Reached * piety under Lugonu
   324 | D:1      | Found a faded altar of an unknown god.
   643 | D:2      | Reached XP level 3. HP: 24/33 MP: 5/5
  1071 | D:3      | Identified the +3 hunting sling "Feemi" {freeze, rPois
                  | rCorr Dex+7}
  1137 | D:4      | Reached XP level 4. HP: 36/41 MP: 6/6
  1242 | D:4      | Found a glowing golden altar of the Shining One.
  1263 | D:4      | Fell from the grace of Lugonu
  1263 | D:4      | Became a worshipper of the Shining One
  1418 | D:4      | HP: 3/61 [gnoll shaman (2)]
  1421 | D:4      | Slain by a gnoll shaman

Illustrated notes

Levels and vault maps discovered:
D:1:      dpeg_arrival_rooms_with_view, layout_loops_ring,
          dilly_ecumenical_altar_fadedgnrine, minmay_misc_feat_more_columns
D:2:      layout_basic, palyth_stone_intersect, minivault_14
D:3:      layout_rooms, serial_bayou, serial_bayou_lagoon_b,
          serial_bayou_shore_a, serial_bayou_pond_e, serial_bayou_pond_c
D:4:      lemuel_castle_with_subvaults [lemuel_castle_interior_carwin_1],
          layout_layer_cave, kennysheep_diamond, corexii_leaking_fountain,
          wad_floor_pattern_untrapped, roderic_serpentine_path,
          guppyfry_shop_venom

Skill      XL: |  1  2  3  4 |
---------------+-------------+-----
Axes           | 3 4 |  4.7
Fighting       | 4 |  4.6
Armour         | 3 |  3.0
Dodging        | |  0.8
Invocations    | |  2.7

Action                   |  1- 3 |  4- 6 || total
-------------------------+-------+-------++-------
Melee: Hand axe          |   100 |    28 ||   128
Invok: Depart the Abyss  |     1 |       ||     1
Evoke: Wand              |       |     2 ||     2
  Use: Potion            |       |     1 ||     1
Armor: Leather armour    |    20 |       ||    20
       Chain mail        |    22 |    20 ||    42
Dodge: Dodged            |    64 |    20 ||    84

Table legend: (Time is in decaauts)
 A = Elapsed time spent in this place.
 B = Non-inter-level travel time spent in this place.
 C = Inter-level travel time spent in this place.
 D = Time resting spent in this place.
 E = Time spent auto-exploring this place.
 F = Levels seen in this place.
 G = Mean time per level.
                   A        B        C        D        E       F      G
               +--------+--------+--------+--------+--------+-----+--------+
         Total |   1438 |   1429 |      9 |    110 |    593 |   6 |  239.7 |
       Dungeon |   1416 |   1407 |      9 |    110 |    593 |   4 |  354.0 |
         Abyss |     21 |     21 |      0 |      0 |      0 |   2 |   10.5 |
               +--------+--------+--------+--------+--------+-----+--------+

Top non-repeatable levels by time:
     D:2: 415 daAuts
     D:1: 387 daAuts
     D:3: 318 daAuts
     D:4: 294 daAuts
 Abyss:2: 12 daAuts
 Abyss:1: 9 daAuts
